 Dungeon Crawl Stone Soup version 0.30-a0-845-g7c6808c8ce (webtiles) character file.

Game seed: 2146993544130326761

32 lunkers the Poker (level 3, 0/31 HPs)
             Began as a Meteoran Fighter on Mar 2, 2023.
             Killed by nerve-wracking pain
             ... invoked by Grinder
              (5 damage)
             ... on level 3 of the Dungeon.
             The game lasted 00:02:35 (871 turns).

lunkers the Poker (Meteoran Fighter)                 Turns: 871, Time: 00:02:35

Health: 0/31       AC: 10    Str: 17    XL:     3   Next: 67%
Magic:  0/4        EV:  9    Int:  9    God:
Gold:   134        SH:  6    Dex: 22    Spells: 2/2 levels left

rFire   . . .      SeeInvis .    a - +0 trident
rCold   . . .      Faith    .    c - +0 buckler
rNeg    . . .      Spirit   +    b - +0 scale mail
rPois   .          Reflect  .    (no helmet)
rElec   .          Rampage  .    k - +2 cloak {Stlth+}
rCorr   .                        (no gloves)
Will    .....                    (no boots)
Stlth   +                        j - amulet of guardian spirit
HPRegen 0.25/turn                e - +6 ring of dexterity
MPRegen 0.09/turn                (no ring)

@: mighty, glowing
A: sense surroundings 1, otherworldly, glowing, explore regen
a: no special abilities


You were on level 3 of the Dungeon.
You visited 1 branch of the dungeon, and saw 3 of its levels.

You collected 134 gold pieces.

Inventory:

Hand Weapons
 a - a +0 trident (weapon)
Armour
 b - a +0 scale mail (worn)
 c - a +0 buckler (worn)
 k - a +2 cloak of stealth (worn)
Jewellery
 e - a +6 ring of dexterity (left hand)
 j - an amulet of guardian spirit (around neck)
Scrolls
 g - 2 scrolls of identify {unknown}
 i - a scroll of summoning {unknown}
Potions
 d - a potion of might
 f - a potion of attraction {unknown}
 h - a potion of lignification {unknown}
 l - a potion of magic {unknown}
 m - a potion of resistance {unknown}


   Skills:
 - Level 3.2 Fighting
 + Level 4.4 Polearms
 - Level 3.6 Armour
 - Level 3.6 Shields


You had 2 spell levels left.
You didn't know any spells.
Your spell library contained the following spells:

 Spells                   Type           Power      Damage    Failure   Level
 Tukima's Dance           Hex            0%         N/A       99%         3
 Passage of Golubria      Tloc           0%         N/A       100%        4
 Yara's Violent Unravell  Hex/Tmut       0%         3d3       100%        5


Dungeon Overview and Level Annotations

Branches:
Dungeon (3/15) Zot: 916

Altars:

Annotations:
D:3 Grinder


Innate Abilities, Weirdness & Mutations

You passively map a small area around you.
You are easily found by Zot.
You glow in the dark.
You regain HP and MP as you explore.


Message History

A goblin comes into view. It is wielding a +0 dagger.
The dart slug bites you but does no damage.
Reach: a) +0 trident
Press: ? - help, Dir - move target, f/p - Grinder
Aim: Grinder (heavily wounded, about 38% to evade your +0 trident)
You hit Grinder.
Grinder is heavily wounded.
Grinder blinks!
The dart slug launches a dart at you.
The slug dart hits you but does no damage.
Unknown command.
Unknown command.
Reach: a) +0 trident
Press: ? - help, Dir - move target, f - goblin, p - Grinder
Aim: a goblin, wielding a +0 dagger (translocational energy, about 41% to evade your +0 trident)
You closely miss the goblin.
Grinder blinks!
The goblin hits you but does no damage. The dart slug launches a dart at you.
The slug dart hits you but does no damage.
The goblin hits you but does no damage.
Unknown command.
Unknown command.
Reach: a) +0 trident
Press: ? - help, Dir - move target, f/p - goblin
Aim: a goblin, wielding a +0 dagger (about 41% to evade your +0 trident)
You puncture the goblin!
You kill the goblin!
The bat hits you but does no damage.
The dart slug bites you but does no damage.
Unknown command.
Reach: a) +0 trident
Press: ? - help, Dir - move target, f - kobold
Aim: a kobold, wielding a +0 whip and quivering poisoned darts (about 41% to evade your +0 trident)
You puncture the kobold!
You kill the kobold!
The bat hits you.
* * * LOW MAGIC WARNING * * *
Grinder gestures at you. Pain shoots through your body!
You die...

##..........### ,
##............## #
,##..............# #.###
##................
#....,#.................
,,
......#.................
......#.......⌠..⌠..†...
, ,
......w.................
,......)@................
,
.....5#.......⌠..⌠......
.....,#b................
, .... #.................
..., ##................
.. ,##..............# ,
., ##............## ,
##..........### ,
,##........##..


You could see Grinder, a dart slug and a bat.

Vanquished Creatures
  2 endoplasms (D:1)
  2 giant cockroaches (D:1)
  9 goblins
  2 hobgoblins (D:1)
  A quokka (D:1)
  A ball python (D:1)
  2 bats
  3 frilled lizards
  5 kobolds
  5 rats
32 creatures vanquished.

Notes
Turn   | Place    | Note
-------+----------+-------------------------------------------
     0 | D:1      | lunkers the Meteoran Fighter began the quest for the Orb.
     0 | D:1      | Reached XP level 1. HP: 19/19 MP: 2/2
    98 | D:1      | Reached skill level 3 in Polearms
    98 | D:1      | Reached XP level 2. HP: 26/26 MP: 3/3
   403 | D:1      | Reached XP level 3. HP: 28/31 MP: 4/4
   493 | D:1      | Glimpsed the power of Zot.
   520 | D:2      | Reached skill level 4 in Polearms
   861 | D:3      | Noticed Grinder
   871 | D:3      | Killed from afar by Grinder

Illustrated notes

Levels and vault maps discovered:
D:1:      lightli_arrival_quake, layout_basic, minmay_3d_cube
D:2:      layout_loops_ring
D:3:      layout_basic, ebering_ecumenical_altar_hall, portal_sewer_entry_e,
          dk_noncrumbling_2, kennysheep_cross_room, serial_bayou_pond_c,
          ebering_dispersal_statue_hall, hangedman_glass_teeth,
          chequers_mini_garden, chequers_serial_rivers_micro_e,
          pf_guarded_unrand_meek, uniq_grinder

Skill      XL: |  1  2  3 |
---------------+----------+-----
Polearms       | 3 4 |  4.4
Fighting       | |  3.2
Armour         | |  3.6
Shields        | |  3.6

Action                     || total
---------------------------++-------
  Melee: Trident           ||    85
    Use: Potion            ||     1
 Armour: Scale mail        ||    26
  Dodge: Dodged            ||    15
  Block: Buckler           ||    13

Table legend: (Time is in decaauts)
 A = Elapsed time spent in this place.
 B = Non-inter-level travel time spent in this place.
 C = Inter-level travel time spent in this place.
 D = Time resting spent in this place.
 E = Time spent auto-exploring this place.
 F = Levels seen in this place.
 G = Mean time per level.
                   A        B        C        D        E       F      G
               +--------+--------+--------+--------+--------+-----+--------+
         Total |    882 |    882 |      0 |      0 |    618 |   3 |  294.0 |
       Dungeon |    882 |    882 |      0 |      0 |    618 |   3 |  294.0 |
               +--------+--------+--------+--------+--------+-----+--------+

Top non-repeatable levels by time:
     D:1: 521 daAuts
     D:3: 211 daAuts
     D:2: 149 daAuts
